EVO
UNIVERSITY OF MICHIGAN WOLVERINES @ CLEMSON UNIVERSITY TIGERS
11/16/2048
 
TOP OF THE 1ST
Wichita State University Shockers batting - Pitching for Clemson University Tigers : RHP Cong Tung
Pitching: RHP Cong Tung
Batting: RHB David Bousfield 0-0: Called Strike
0-1: Ball
1-1: Ball
2-1: SOLO HOME RUN (Flyball, 78XD, EV 112.5 MPH), Distance : 418 ft
Batting: SHB Sammar Wambugu 0-0: Ball
1-0: Ball
2-0: Called Strike
2-1: Swinging Strike
2-2: Ball
3-2: Foul Ball, location: 2F
3-2: Strikes out swinging
Batting: RHB Juan Nieves 0-0: Swinging Strike
0-1: Ball
1-1: Foul Ball, location: 2F
1-2: Strikes out swinging
Batting: RHB Mick Vaught 0-0: Ball
1-0: Ball
2-0: Ball
3-0: Called Strike
3-1: SINGLE (Line Drive, 8LS, EV 108.8 MPH)
Batting: RHB Tony Gonzales 0-0: Ground out 1-3 (Groundball, 34S, EV 69.4 MPH)
Top of the 1st over - 1 run, 2 hits, 0 errors, 1 left on base; Wichita State University 1 - Clemson University 0
BOTTOM OF THE 1ST
Clemson University Tigers batting - Pitching for Wichita State University Shockers : LHP Alejandro Jimenez
Pitching: LHP Alejandro Jimenez
Batting: RHB Jason Duncan 0-0: Ball
1-0: Ball
2-0: Called Strike
2-1: Foul Ball, location: 2F
2-2: Ball
3-2: Foul Ball, location: 2F
3-2: Foul Ball, location: 2F
3-2: SINGLE (Groundball, 6M, EV 105.0 MPH) (infield hit)
Batting: SHB Jose Santiago 0-0: SINGLE (Line Drive, 89M, EV 94.4 MPH)
Jason Duncan to second
Batting: RHB Chris Prinzing 0-0: Grounds into double play, U5-3 (Groundball, 5L, EV 78.1 MPH)
Jose Santiago to second
Batting: RHB Jorge Alva 0-0: Ball
1-0: SINGLE (Groundball, 56D, EV 98.8 MPH)
Jose Santiago to third
Runner from 3rd tries for Home, SAFE, throw by LF to home
Batting: LHB Jayden Pelayo 0-0: Called Strike
0-1: Fielders Choice at 2nd, 5-4 (Groundball, 56, EV 90.6 MPH)
Bottom of the 1st over - 1 run, 3 hits, 0 errors, 1 left on base; Wichita State University 1 - Clemson University 1
TOP OF THE 2ND
Wichita State University Shockers batting - Pitching for Clemson University Tigers : RHP Cong Tung
Batting: LHB Henry Huezo 0-0: Ball
1-0: Called Strike
1-1: SOLO HOME RUN (Flyball, 89XD, EV 102.5 MPH), Distance : 416 ft
Batting: LHB Simon Barry 0-0: Ball
1-0: Called Strike
1-1: Ball
2-1: Ball
3-1: Foul Ball, location: 2F
3-2: Base on Balls
Batting: RHB Aaron Sartini 0-0: Ball
1-0: Foul Ball, location: 2F
1-1: Called Strike
1-2: Ball
2-2: Foul Ball, location: 2F
2-2: Foul Ball, location: 2F
2-2: Foul Ball, location: 2F
2-2: Foul Ball, location: 2F
2-2: Foul Ball, location: 2F
2-2: Ball
3-2: Foul Ball, location: 2F
3-2: Foul Ball, location: 2F
3-2: Ground out 5-3 (Groundball, 5L, EV 85.0 MPH)
Simon Barry to second
Batting: RHB Juan Mercado 0-0: Ball
1-0: Ball
2-0: Swinging Strike
2-1: Ground out 4-3 (Groundball, 4, EV 91.9 MPH)
Simon Barry to third
Batting: RHB David Bousfield 0-0: Foul Ball, location: 2F
0-1: Ball
1-1: Foul Ball, location: 2F
1-2: Ball
2-2: 2-RUN HOME RUN (Flyball, 7D, EV 99.4 MPH), Distance : 374 ft
Batting: SHB Sammar Wambugu 0-0: Ball
1-0: Called Strike
1-1: Ball
2-1: Fly out, F4 (Line Drive, 4, EV 73.1 MPH)
Top of the 2nd over - 3 runs, 2 hits, 0 errors, 0 left on base; Wichita State University 4 - Clemson University 1
BOTTOM OF THE 2ND
Clemson University Tigers batting - Pitching for Wichita State University Shockers : LHP Alejandro Jimenez
Batting: RHB Josh LeSage 0-0: Ball
1-0: Ball
2-0: Foul Ball, location: 2F
2-1: Called Strike
2-2: Ball
3-2: DOUBLE (Line Drive, 9LM, EV 103.1 MPH)
Batting: RHB Ryan Thurston 0-0: Called Strike
0-1: Foul Ball, location: 2F
0-2: Strikes out swinging
Batting: RHB Neal Perucci 0-0: Fly out, F8 (Flyball, 8LD, EV 103.1 MPH)
Runner from 2nd tags up, SAFE at 3rd with throw by CF
Batting: RHB Donovan Deason 0-0: Swinging Strike
0-1: Ball
1-1: Ball
2-1: Foul Ball, location: 2F
2-2: SINGLE (Line Drive, 3D, EV 96.9 MPH)
Josh LeSage scores
Batting: RHB Jason Duncan 0-0: Called Strike
0-1: Ball
1-1: Called Strike
1-2: Ball
2-2: Ball
3-2: Strikes out swinging
Bottom of the 2nd over - 1 run, 2 hits, 0 errors, 1 left on base; Wichita State University 4 - Clemson University 2
TOP OF THE 3RD
Wichita State University Shockers batting - Pitching for Clemson University Tigers : RHP Cong Tung
Batting: RHB Juan Nieves 0-0: Called Strike
0-1: SOLO HOME RUN (Flyball, 7D, EV 93.8 MPH), Distance : 363 ft
Batting: RHB Mick Vaught 0-0: Ball
1-0: Foul Ball, location: 2F
1-1: Foul Ball, location: 2F
1-2: Strikes out swinging
Batting: RHB Tony Gonzales 0-0: Foul Ball, location: 2F
0-1: Ball
1-1: Ball
2-1: SOLO HOME RUN (Flyball, 7D, EV 98.1 MPH), Distance : 375 ft
Pitching: RHP A.J. Newman
Batting: LHB Henry Huezo 0-0: Called Strike
0-1: Ball
1-1: Ball
2-1: Ground out U3 (Groundball, 3L, EV 82.5 MPH)
Batting: LHB Simon Barry 0-0: Ball
1-0: Called Strike
1-1: Called Strike
1-2: Ground out 6-3 (Groundball, 6M, EV 101.2 MPH)
Top of the 3rd over - 2 runs, 2 hits, 0 errors, 0 left on base; Wichita State University 6 - Clemson University 2
BOTTOM OF THE 3RD
Clemson University Tigers batting - Pitching for Wichita State University Shockers : LHP Alejandro Jimenez
Batting: SHB Jose Santiago 0-0: Called Strike
0-1: SINGLE (Groundball, 4D, EV 95.0 MPH)
Batting: RHB Chris Prinzing 0-0: Called Strike
0-1: Ball
1-1: Foul Ball, location: 2F
1-2: Fly out, F2 (Popup, 15S, EV 83.1 MPH)
Batting: RHB Jorge Alva 0-0: Ball
1-0: Fielders Choice at 2nd, 6-4 (Groundball, 6, EV 110.6 MPH)
Batting: LHB Jayden Pelayo 0-0: Called Strike
0-1: Ball
1-1: Foul Ball, location: 2F
1-2: SINGLE (Line Drive, 7LS, EV 101.9 MPH)
Jorge Alva to second
Runner from 2nd tries for 3rd, SAFE, throw by LF made to third
Batting: RHB Josh LeSage 0-0: Fielders Choice at 2nd, 5-4 (Groundball, 56, EV 86.9 MPH)
Bottom of the 3rd over - 0 runs, 2 hits, 0 errors, 2 left on base; Wichita State University 6 - Clemson University 2
TOP OF THE 4TH
Wichita State University Shockers batting - Pitching for Clemson University Tigers : RHP A.J. Newman
Batting: RHB Aaron Sartini 0-0: Ball
1-0: Ball
2-0: Ball
3-0: Base on Balls
Batting: RHB Juan Mercado 0-0: Fielders Choice at 2nd, 4-6 (Groundball, 34D, EV 88.1 MPH)
Batting: RHB David Bousfield 0-0: Ball
1-0: Ball
2-0: Ball
3-0: Foul Ball, location: 2F
3-1: Base on Balls
Juan Mercado to second
Batting: SHB Sammar Wambugu 0-0: Ball
1-0: 3-RUN HOME RUN (Flyball, 89XD, EV 110.0 MPH), Distance : 419 ft
Batting: RHB Juan Nieves 0-0: Called Strike
0-1: DOUBLE (Line Drive, 8LXD, EV 99.4 MPH)
Pitching: RHP Santos Gonzales
Batting: RHB Mick Vaught 0-0: Ball
1-0: 2-RUN HOME RUN (Line Drive, 9D, EV 99.4 MPH), Distance : 376 ft
Batting: RHB Tony Gonzales 0-0: Called Strike
0-1: Ball
1-1: Foul Ball, location: 2F
1-2: Foul Ball, location: 2F
1-2: Strikes out looking
Batting: LHB Henry Huezo 0-0: Ball
1-0: Ball
2-0: Ball
3-0: Base on Balls
Batting: LHB Simon Barry 0-0: Ball
1-0: Called Strike
1-1: Fly out, F7 (Flyball, 7S, EV 85.6 MPH)
Top of the 4th over - 5 runs, 3 hits, 0 errors, 1 left on base; Wichita State University 11 - Clemson University 2
BOTTOM OF THE 4TH
Clemson University Tigers batting - Pitching for Wichita State University Shockers : LHP Alejandro Jimenez
Batting: RHB Ryan Thurston 0-0: Ball
1-0: Called Strike
1-1: Ball
2-1: Foul Ball, location: 2F
2-2: Foul Ball, location: 2F
2-2: Strikes out looking
Batting: RHB Neal Perucci 0-0: Ground out 6-3 (Groundball, 6, EV 88.8 MPH)
Batting: RHB Donovan Deason 0-0: Called Strike
0-1: Ground out U3 (Groundball, 34S, EV 83.8 MPH)
Bottom of the 4th over - 0 runs, 0 hits, 0 errors, 0 left on base; Wichita State University 11 - Clemson University 2
TOP OF THE 5TH
Wichita State University Shockers batting - Pitching for Clemson University Tigers : RHP Santos Gonzales
Batting: RHB Aaron Sartini 0-0: Ball
1-0: Ground out 6-3 (Groundball, 56, EV 85.6 MPH)
Batting: RHB Juan Mercado 0-0: Ball
1-0: Swinging Strike
1-1: Ball
2-1: Ball
3-1: Swinging Strike
3-2: Foul Ball, location: 2F
3-2: Base on Balls
Pitching: LHP Will West
Batting: RHB David Bousfield 0-0: Called Strike
0-1: Swinging Strike
0-2: Strikes out swinging
Batting: SHB Sammar Wambugu 0-0: Ball
1-0: Foul Ball, location: 2F
1-1: Foul Ball, location: 2F
1-2: Strikes out swinging
Top of the 5th over - 0 runs, 0 hits, 0 errors, 1 left on base; Wichita State University 11 - Clemson University 2
BOTTOM OF THE 5TH
Clemson University Tigers batting - Pitching for Wichita State University Shockers : LHP Alejandro Jimenez
Batting: RHB Jason Duncan 0-0: Ball
1-0: Ball
2-0: Called Strike
2-1: Called Strike
2-2: Foul Ball, location: 2F
2-2: Foul Ball, location: 2F
2-2: Fly out, F8 (Flyball, 8LM, EV 84.4 MPH)
Batting: SHB Jose Santiago 0-0: Called Strike
0-1: Fly out, F7 (Flyball, 7, EV 90.0 MPH)
Batting: RHB Chris Prinzing 0-0: Ball
1-0: Called Strike
1-1: Foul Ball, location: 2F
1-2: Ball
2-2: Fly out, F6 (Line Drive, 6, EV 72.5 MPH)
Bottom of the 5th over - 0 runs, 0 hits, 0 errors, 0 left on base; Wichita State University 11 - Clemson University 2
TOP OF THE 6TH
Wichita State University Shockers batting - Pitching for Clemson University Tigers : LHP Will West
Batting: RHB Juan Nieves 0-0: Called Strike
0-1: Called Strike
0-2: Strikes out swinging
Batting: RHB Mick Vaught 0-0: Ball
1-0: Ball
2-0: SINGLE (Groundball, 56D, EV 106.9 MPH)
Batting: RHB Tony Gonzales 0-0: Ball
1-0: Grounds into double play, 6-4-3 (Groundball, 6, EV 94.4 MPH)
Top of the 6th over - 0 runs, 1 hit, 0 errors, 0 left on base; Wichita State University 11 - Clemson University 2
BOTTOM OF THE 6TH
Clemson University Tigers batting - Pitching for Wichita State University Shockers : LHP Alejandro Jimenez
Batting: RHB Jorge Alva 0-0: Called Strike
0-1: Ground out 4-3 (Groundball, 4, EV 98.8 MPH)
Batting: LHB Jayden Pelayo 0-0: Called Strike
0-1: Foul Ball, location: 2F
0-2: Ball
1-2: Strikes out swinging
Batting: RHB Josh LeSage 0-0: Called Strike
0-1: Ball
1-1: SINGLE (Line Drive, 3D, EV 100.6 MPH)
Pitching: RHP Dan Corrow
Batting: RHB Ryan Thurston 0-0: Ball
1-0: Ball
2-0: Fly out, F9 (Line Drive, 9D, EV 93.1 MPH)
Bottom of the 6th over - 0 runs, 1 hit, 0 errors, 1 left on base; Wichita State University 11 - Clemson University 2
TOP OF THE 7TH
Wichita State University Shockers batting - Pitching for Clemson University Tigers : LHP Will West
Batting: LHB Henry Huezo 0-0: Ball
1-0: Called Strike
1-1: Ball
2-1: Swinging Strike
2-2: Strikes out looking
Batting: LHB Simon Barry 0-0: Swinging Strike
0-1: Fly out, F7 (Flyball, 7D, EV 96.9 MPH)
Batting: RHB Aaron Sartini 0-0: Ball
1-0: Ball
2-0: Called Strike
2-1: Ball
3-1: Called Strike
3-2: Foul Ball, location: 2F
3-2: Strikes out swinging
Top of the 7th over - 0 runs, 0 hits, 0 errors, 0 left on base; Wichita State University 11 - Clemson University 2
BOTTOM OF THE 7TH
Clemson University Tigers batting - Pitching for Wichita State University Shockers : RHP Dan Corrow
Batting: RHB Neal Perucci 0-0: Ball
1-0: Ball
2-0: Called Strike
2-1: Swinging Strike
2-2: Foul Ball, location: 2F
2-2: Foul Ball, location: 2F
2-2: Foul Ball, location: 2F
2-2: Foul Ball, location: 2F
2-2: Foul Ball, location: 2F
2-2: Foul Ball, location: 2F
2-2: Ball
3-2: SINGLE (Flyball, 78S, EV 96.9 MPH)
Batting: RHB Donovan Deason 0-0: Ball
1-0: Grounds into double play, 5-4-3 (Groundball, 5, EV 76.9 MPH)
Batting: RHB Jason Duncan 0-0: Swinging Strike
0-1: Ball
1-1: Swinging Strike
1-2: Ball
2-2: Strikes out looking
Bottom of the 7th over - 0 runs, 1 hit, 0 errors, 0 left on base; Wichita State University 11 - Clemson University 2
TOP OF THE 8TH
Wichita State University Shockers batting - Pitching for Clemson University Tigers : LHP Will West
Batting: RHB Juan Mercado 0-0: Called Strike
0-1: Fly out, F9 (Flyball, 9LM, EV 91.2 MPH)
Pinch Hitting: RHB Adam McMillen 0-0: Ground out U3 (Groundball, 34, EV 81.2 MPH)
Batting: SHB Sammar Wambugu 0-0: Swinging Strike
0-1: Fly out, F4 (Popup, 34D, EV 68.8 MPH)
Top of the 8th over - 0 runs, 0 hits, 0 errors, 0 left on base; Wichita State University 11 - Clemson University 2
BOTTOM OF THE 8TH
Clemson University Tigers batting - Pitching for Wichita State University Shockers : RHP Dan Corrow
Now at 2B: Adam McMillen
Now at SS: Tony Gonzales
Batting: SHB Jose Santiago 0-0: Called Strike
0-1: Ball
1-1: Foul Ball, location: 2F
1-2: Ball
2-2: Ball
3-2: Foul Ball, location: 2F
3-2: Strikes out swinging
Pitching: LHP Tyler Thackeray
Pinch Hitting: RHB Juan Barela 0-0: Ball
1-0: Called Strike
1-1: Ball
2-1: Ball
3-1: Swinging Strike
3-2: Strikes out swinging
Batting: RHB Jorge Alva 0-0: Ground out 5-3 (Groundball, 56, EV 80.6 MPH)
Bottom of the 8th over - 0 runs, 0 hits, 0 errors, 0 left on base; Wichita State University 11 - Clemson University 2
TOP OF THE 9TH
Wichita State University Shockers batting - Pitching for Clemson University Tigers : LHP Will West
Pitching: RHP Gustavo Carena
Now at SS: Juan Barela
Batting: RHB Juan Nieves 0-0: Called Strike
0-1: Ball
1-1: Ball
2-1: Ball
3-1: Swinging Strike
3-2: Base on Balls
Batting: RHB Mick Vaught 0-0: Grounds into double play, 4-6-3 (Groundball, 4M, EV 84.4 MPH)
Batting: RHB Tony Gonzales 0-0: Ball
1-0: Foul Ball, location: 2F
1-1: Ball
2-1: Ball
3-1: Foul Ball, location: 2F
3-2: Foul Ball, location: 2F
3-2: Fly out, F9 (Flyball, 89XD, EV 87.5 MPH)
Top of the 9th over - 0 runs, 0 hits, 0 errors, 0 left on base; Wichita State University 11 - Clemson University 2
BOTTOM OF THE 9TH
Clemson University Tigers batting - Pitching for Wichita State University Shockers : LHP Tyler Thackeray
Batting: LHB Jayden Pelayo 0-0: Called Strike
0-1: Ground out 1-3 (Groundball, 13S, EV 65.6 MPH)
Batting: RHB Josh LeSage 0-0: Swinging Strike
0-1: Ball
1-1: Fly out, F9 (Line Drive, 9, EV 90.0 MPH)
Pinch Hitting: LHB David Mendez 0-0: Ball
1-0: Ball
2-0: Ball
3-0: Called Strike
3-1: Foul Ball, location: 2F
3-2: Foul Ball, location: 2F
3-2: SINGLE (Line Drive, 7LS, EV 97.5 MPH)
Pitching: RHP Boboy Cacabelos
Batting: RHB Neal Perucci 0-0: Ground out 2-3 (Groundball, 2L, EV 68.1 MPH)
Bottom of the 9th over - 0 runs, 1 hit, 0 errors, 1 left on base; Wichita State University 11 - Clemson University 2
Tuesday, March 28th , 2023 - OOTP Baseball 23.10 Build 110